[Event "1st Turkish League 2017"]
[Site "Konya"]
[Date "2017.07.20"]
[Round "6"]
[White "Sari, Yasin"]
[Black "Koksal, Ege"]
[Result "1/2-1/2"]
[ECO "B13"]
[WhiteElo "2195"]
[BlackElo "2390"]
[Annotator "ChessBase"]
[PlyCount "78"]
[EventType "team-tourn"]
[EventCountry "TUR"]
[SourceTitle "playchess.com"]
[Source "ChessBase"]
[SourceQuality "1"]
[TimeControl "5400+30"]

1. e4 c6 2. d4 d5 3. exd5 cxd5 4. c3 Nf6 5. Nf3 Nc6 6. Ne5 e6 7. Bb5 Qb6 8. Qe2 a6 9. Bd3 g6 10. Nd2 Bg7 11. Ndf3 Nxe5 12. Nxe5 Nd7 13. O-O O-O 14. Re1 Nxe5 15. dxe5 Bd7 16. Be3 Qa5 17. Bd4 Bb5 18. a4 Bxd3 19. Qxd3 Rfc8 20. h4 Qc7 21. b3 Bf8 22. h5 Bc5 23. Re3 Kf8 24. Rh3 Ke7 25. hxg6 hxg6 26. Rh7 Bxd4 27. Qxg6 Bxf2+ 28. Kxf2 Rf8 29. Qf6+ Ke8 30. Rh8 Kd7 31. Rxf8 Rxf8 32. Qg7 Qc5+ 33. Ke2 Qxc3 34. Qxf8 Qxe5+ 35. Kf2 Qxa1 36. Qxf7+ Kd6 37. Qf8+ Kd7 38. Qf7+ Kd6 39. Qf8+ Kd7 1/2-1/2

[Event "1st Turkish League 2017"]
[Site "Konya"]
[Date "2017.07.20"]
[Round "6"]
[White "Caglar, Ahmet Ata"]
[Black "Gunduz, Umut Erdem"]
[Result "1-0"]
[ECO "A67"]
[WhiteElo "2082"]
[BlackElo "2066"]
[Annotator "NA"]
[PlyCount "199"]
[EventType "team-tourn"]
[EventCountry "TUR"]
[SourceTitle "playchess.com"]
[Source "ChessBase"]
[SourceQuality "1"]
[TimeControl "5400+30"]

1. d4 Nf6 2. c4 c5 3. d5 e6 4. Nc3 exd5 5. cxd5 d6 6. e4 g6 7. f4 Bg7 8. Bb5+ Nfd7 9. a4 O-O 10. Nf3 Na6 11. O-O Nb4 12. Re1 a6 13. Bf1 Re8 14. Nd2 {[%emt 0:12:30] A67: Modern Benoni: Taimanov Variation} (14. Be3 Nf6 15. Bf2 Nh5 16. Qd2 Bg4 17. Be2 Bh6 18. Be3 Nf6 19. h3 Bxf3 20. Bxf3 Nd7 21. a5 Rb8 22. Be2 Nf6 23. Bf3 Nd7 24. Be2 Nf6 25. Bf3 Nd7 {½-½ (25) Jakovenko,D (2725)-Gashimov,V (2734) Astrakhan 2010}) 14... Bd4+ 15. Kh1 Nf6 16. Be2 Be3 17. Rf1 $146 ({Predecessor:} 17. e5 dxe5 18. fxe5 Nfxd5 19. Nxd5 Nxd5 20. Ne4 Bxc1 21. Rxc1 Rxe5 22. Rxc5 {½-½ (33) Kokeza,M (2253)-Marholev,D (2291) Novi Sad 2015}) 17... Bxd2 18. Bxd2 Nxe4 19. Nxe4 Rxe4 20. Bf3 Rd4 21. Qe2 Nxd5 22. Rfe1 Be6 23. f5 Bxf5 24. Bc3 Nxc3 25. bxc3 Rd3 26. g4 Rxf3 27. Qxf3 Bd7 28. Qf4 Qh4 29. Rad1 Re8 30. Rxe8+ Bxe8 31. Kg1 Bc6 32. a5 Qe7 33. Rf1 Qe6 34. Qg3 Qd5 35. g5 c4 36. Rf6 Qc5+ 37. Kf1 Be4 38. Rxd6 Bd3+ 39. Ke1 Qxa5 40. Qe3 Qxc3+ 41. Kf2 Kg7 42. Qf4 Bf5 43. Rd4 Qb2+ 44. Kg1 Qa1+ 45. Kf2 Qb2+ 46. Kg1 $17 Qa1+ 47. Kf2 Qa5 48. Rxc4 Qb6+ 49. Kg2 Qb2+ 50. Kg1 Bh3 51. Qd4+ Qxd4+ 52. Rxd4 Be6 53. Rd6 h6 54. h4 hxg5 55. hxg5 Kf8 56. Rb6 Bd5 57. Kf2 Ke7 58. Ke3 Bc6 59. Kd4 f6 60. gxf6+ Kxf6 61. Rb1 g5 62. Rf1+ Kg6 63. Ke5 g4 64. Rf6+ Kg5 65. Rf8 Bf3 66. Rg8+ Kh4 67. Kf4 Kh3 68. Rg6 Kg2 69. Ke3 Kg3 70. Rb6 a5 71. Rb5 a4 72. Ra5 Bc6 73. Rc5 Kh4 74. Rc4 a3 75. Kf4 Bd5 76. Rc8 Bf7 77. Rh8+ Bh5 78. Ra8 g3 79. Rxa3 g2 80. Rg3 Be8 81. Rxg2 Kh3 82. Rg3+ Kh2 83. Kf3 Bc6+ 84. Kf2 b5 85. Rg6 Bd7 86. Rh6+ Bh3 87. Rb6 Bd7 88. Rb7 Bc8 89. Rxb5 Kh3 90. Kf3 Bg4+ 91. Kf4 Bc8 92. Rh5+ Kg2 93. Rg5+ Kh3 94. Rg3+ Kh2 95. Kf3 Bb7+ 96. Kf2 Bd5 97. Rg5 Bf7 98. Rg7 Be6 99. Rh7+ Bh3 100. Rh6 1-0

[Event "1st Turkish League 2017"]
[Site "Konya"]
[Date "2017.07.20"]
[Round "6"]
[White "Kitir, Ahmet"]
[Black "Okus, Melih"]
[Result "0-1"]
[ECO "B06"]
[WhiteElo "2038"]
[BlackElo "2041"]
[Annotator "NA"]
[PlyCount "66"]
[EventType "team-tourn"]
[EventCountry "TUR"]
[SourceTitle "playchess.com"]
[Source "ChessBase"]
[SourceQuality "1"]
[TimeControl "5400+30"]

1. e4 g6 2. Nc3 Bg7 3. d4 d6 4. Nf3 a6 5. Be3 b5 6. Bd3 Nd7 {[%emt 0:01:30] B06: Modern Defence} 7. Ne2 c5 8. c3 Bb7 9. h3 Ngf6 10. Ng3 h6 $146 ({Predecessor:} 10... e5 11. d5 h5 12. Bg5 Bh6 13. Bxh6 Rxh6 {0-1 (51) Antoniewski,R (2550)-Rapport,R (2687) Austria 2013}) 11. O-O c4 12. Bc2 d5 13. e5 Ne4 14. e6 fxe6 15. Nh4 Nf8 16. Nxg6 Nxg6 17. Qh5 Kd7 18. Nxe4 dxe4 19. Qxg6 Rg8 20. Qh5 Qf8 21. a4 Qf5 22. Qe2 Bf6 23. Kh2 Bg5 24. Ra3 $11 (24. Rae1 $16) 24... Bf4+ 25. g3 Bd6 26. Raa1 h5 27. Kg2 Rg6 28. Bd1 Rag8 29. g4 hxg4 30. h4 g3 31. Bg5 Rxg5 32. hxg5 Rh8 33. Qh5 e3+ 0-1

[Event "1st Turkish League 2017"]
[Site "Konya"]
[Date "2017.07.20"]
[Round "6"]
[White "Nalbant, Tuna Onat"]
[Black "Gulbeyaz, Emir"]
[Result "0-1"]
[ECO "B42"]
[WhiteElo "2037"]
[BlackElo "1952"]
[Annotator "NA"]
[PlyCount "154"]
[EventType "team-tourn"]
[EventCountry "TUR"]
[SourceTitle "playchess.com"]
[Source "ChessBase"]
[SourceQuality "1"]
[TimeControl "5400+30"]

1. e4 c5 2. Nf3 e6 3. d4 cxd4 4. Nxd4 a6 5. Bd3 Nf6 6. O-O d6 7. Qe2 Qc7 8. c4 g6 9. Nc3 Bg7 10. Be3 O-O 11. Rac1 {[%emt 0:01:30] B42: Sicilian: Kan Variation: 5 Bd3} Nc6 (11... Nbd7 12. Rfd1 b6 13. f3 Bb7 14. Qd2 Rac8 15. Bf1 Rfd8 16. b4 Qb8 17. Na4 Bf8 18. Nb3 Bc6 19. Nc3 Ba8 20. Qf2 Ne5 21. Na4 d5 22. exd5 exd5 23. Bxb6 dxc4 24. Rxd8 Rxd8 25. Bxd8 Qxd8 26. Bxc4 {½-½ (34) Bok,B (2598)-Artemiev,V (2653) Doha 2016}) 12. Nb3 Nd7 13. f4 b6 $146 ({Predecessor:} 13... Re8 14. f5 Nde5 15. fxe6 fxe6 16. Na4 Bd7 17. Bb6 Qb8 18. Bb1 Ne7 {0-1 (51) Folkova,M (2134)-Choladze,M (1989) Chakvi 2015}) 14. Rfd1 Nc5 15. Bb1 Bb7 16. Qf2 f5 17. Nxc5 bxc5 18. e5 Nd4 19. Bxd4 cxd4 20. Qxd4 Qc6 21. Rc2 dxe5 22. Qd6 exf4 23. Qxc6 Bxc6 24. Rd6 Be4 25. Nxe4 fxe4 26. Rxe6 e3 27. Kf1 g5 28. h3 Kf7 29. Re4 (29. Rd6 $15) 29... Rad8 30. Ke2 Rd7 31. h4 Rfd8 32. hxg5 Rd1 33. Rxf4+ Kg8 34. Kxe3 Rxb1 35. b3 Re1+ 36. Kf3 Re5 37. Kg4 Bf8 38. Rcf2 Bc5 39. Rf5 Rd4+ 40. R2f4 Rxf5 41. Kxf5 Rd2 42. a4 Rxg2 43. Re4 a5 44. Re5 Bb4 45. Re3 Kf7 46. Rd3 Rd2 47. Rh3 Kg7 48. Ke5 Rg2 49. Rh5 Rg3 50. Kd5 Rd3+ 51. Kc6 Rxb3 52. Kb5 Bd2+ 53. Ka6 Rb4 54. Kxa5 Rxc4+ 55. Kb5 Rb4+ 56. Kc5 Rxa4 57. Kd5 Ra5+ 58. Ke4 Bxg5 59. Kf3 Kg6 60. Rh1 Ra3+ 61. Kg2 h5 62. Rf1 h4 63. Kh2 Kh5 64. Rf2 Kg4 65. Rg2+ Rg3 66. Rf2 Bf4 67. Kh1 h3 68. Rf1 Ra3 69. Rg1+ Bg3 70. Rb1 Ra2 71. Rc1 Bf4 72. Rg1+ Kf3 73. Re1 Rf2 74. Rb1 Be3 75. Rb3 Re2 76. Ra3 Kg3 77. Ra2 Re1# 0-1

[Event "1st Turkish League 2017"]
[Site "Konya"]
[Date "2017.07.20"]
[Round "6"]
[White "Yelligedik, Murat"]
[Black "Dogan, Nazmi Can"]
[Result "1-0"]
[ECO "C11"]
[WhiteElo "2014"]
[BlackElo "2242"]
[Annotator "NA"]
[PlyCount "57"]
[EventType "team-tourn"]
[EventCountry "TUR"]
[SourceTitle "playchess.com"]
[Source "ChessBase"]
[SourceQuality "1"]
[TimeControl "5400+30"]

1. e4 e6 2. d4 d5 3. Nc3 Nf6 4. e5 Nfd7 5. f4 c5 6. Nf3 Nc6 7. Be3 Be7 8. Qd2 b6 {[%emt 0:02:30] C11: French: Classical System: 4 e5 and 4 Bg5 dxe4} (8... a6 9. Be2 b5 10. O-O O-O 11. a3 Bb7 12. Nd1 f6 13. c3 Rc8 14. Bd3 Na5 15. Qe2 fxe5 16. fxe5 cxd4 17. cxd4 {1-0 (38) Grischuk,A (2761)-Caruana,F (2808) Paris 2017}) 9. Be2 O-O 10. O-O f5 11. Nd1 cxd4 12. Nxd4 Nxd4 13. Bxd4 Nc5 14. Nf2 Bb7 15. b4 Ne4 16. Nxe4 dxe4 {[%emt 0:00:00] [#]} 17. a3 $146 Rc8 18. c3 Kh8 19. Rad1 g5 20. Qa2 Qd5 21. c4 Qc6 22. Ba1 Kg8 23. c5 Rce8 24. Bc4 Kg7 25. Rd6 Bxd6 26. exd6+ Kg6 27. Qb2 $14 (27. Bxe6 $18 h6 28. fxg5) 27... Rf7 28. fxg5 e3 29. Rxf5 1-0

[Event "1st Turkish League 2017"]
[Site "Konya"]
[Date "2017.07.20"]
[Round "6"]
[White "Baylav, Can"]
[Black "Metin, Oguz"]
[Result "1/2-1/2"]
[ECO "B15"]
[WhiteElo "2001"]
[BlackElo "2052"]
[Annotator "NA"]
[PlyCount "61"]
[EventType "team-tourn"]
[EventCountry "TUR"]
[SourceTitle "playchess.com"]
[Source "ChessBase"]
[SourceQuality "1"]
[TimeControl "5400+30"]

1. e4 g6 2. d4 Bg7 3. Nc3 c6 4. Be3 d5 5. f3 dxe4 6. fxe4 Qb6 {[%emt 0:00:30] B15: Caro-Kann: 3 Nc3: 3...g6 and 3...dxe4 4 Nxe4 Nf6 5 Nxf6+ exf6} (6... e5 7. dxe5 Qa5 8. Nf3 Be6 9. Ng5 Bxe5 10. Nxe6 fxe6 11. Qd2 Qb4 12. O-O-O Qe7 13. Bc4 Nd7 14. Rhf1 {0-1 (28) Amin,B (2609)-Gashimov,V (2760) Ningbo 2011}) 7. Qd2 Nf6 8. e5 $146 ({Predecessor:} 8. Nf3 Ng4 9. Bf4 e5 10. dxe5 Nd7 11. Na4 Qc7 12. e6 Nde5 13. exf7+ Qxf7 14. Nxe5 Nxe5 {0-1 (25) Ansell,S (2405)-Fridman,D (2628) Liverpool 2007}) 8... Nd5 9. Nxd5 cxd5 10. c4 Be6 11. Nf3 f6 12. c5 Qd8 13. Bh6 Bxh6 14. Qxh6 Qa5+ 15. Qd2 Qxd2+ 16. Kxd2 a6 17. Re1 Kd7 18. h3 Nc6 19. exf6 exf6 20. Bd3 Rae8 21. Kc3 Bf5 22. Bxf5+ gxf5 23. Nh4 Rxe1 24. Rxe1 Rg8 25. Rf1 Ne7 26. b4 Ke6 27. a4 Ra8 28. Rf2 Rg8 29. Kd3 Ra8 30. Ke3 Rg8 31. Kf4 $16 1/2-1/2

[Event "1st Turkish League 2017"]
[Site "Konya"]
[Date "2017.07.20"]
[Round "6"]
[White "Cakiroglu, Metin"]
[Black "Sakir, Ridvan"]
[Result "1-0"]
[ECO "A12"]
[WhiteElo "1993"]
[BlackElo "2132"]
[Annotator "NA"]
[PlyCount "163"]
[EventType "team-tourn"]
[EventCountry "TUR"]
[SourceTitle "playchess.com"]
[Source "ChessBase"]
[SourceQuality "1"]
[TimeControl "5400+30"]

1. Nf3 Nf6 2. b3 d5 3. g3 Bg4 4. Bg2 c6 5. Bb2 Nbd7 6. O-O e6 {[%emt 0:01:30] LiveBook: 890 Games} 7. c4 Bd6 8. d3 O-O 9. Nbd2 Re8 10. Rc1 {[%emt 0:00:30] A12: English Opening: 1...c6 with b3 by White} Qe7 11. Rc2 a5 12. h3 Bxf3 13. Nxf3 a4 {[%emt 0:02:30] [#]} 14. Qd2 $146 ({Predecessor:} 14. cxd5 exd5 15. bxa4 Nc5 16. Qa1 Nxa4 17. Bxf6 Qxf6 18. Qxf6 gxf6 {½-½ (30) Kveinys,A (2533)-Khenkin,I (2647) Dresden 2008}) 14... Ra6 15. Rb1 axb3 16. axb3 Rea8 17. b4 e5 18. c5 Bc7 19. Nh4 Qe6 20. e4 Nf8 21. Nf5 Ng6 22. h4 dxe4 23. dxe4 Rd8 24. Qe3 Qd7 25. Bh3 Qe8 26. Re1 Ne7 27. Nd6 Bxd6 28. cxd6 Nc8 {[%emt 0:00:57] [#]} (28... Ng6 $16) 29. f4 $1 Nd7 $2 (29... Ra2 30. Qb3 (30. fxe5 Rxb2 31. Rxb2 Qxe5 $16) 30... Rxb2 31. Qxb2 exf4) 30. Rd2 Ncb6 31. Rc2 Ra4 32. Qc3 Raa8 33. Qb3 Kh8 34. Rf2 f6 35. Bg4 Qg6 36. Qf3 exf4 37. h5 Qg5 $2 (37... Qf7 {was called for.} 38. Qxf4 (38. gxf4 Na4 $16) 38... Qf8) 38. gxf4 $18 Qh6 39. Rc2 Ra2 40. Bxf6 Rxc2 41. Bxd8 Qxd6 42. Rd1 Rd2 43. Rxd2 Qxd2 44. Be7 Nf6 45. h6 Qe1+ 46. Kg2 Nxg4 47. hxg7+ Kg8 48. Bc5 Qd2+ 49. Kg1 Qc1+ 50. Kg2 Qb2+ 51. Kg1 Qa1+ 52. Kg2 Qb2+ 53. Kg1 Qxg7 54. Bxb6 Ne5+ 55. Qg2 Qxg2+ 56. Kxg2 Nd3 57. Kf3 Nxb4 58. f5 Kf7 59. Bd4 Nc2 60. Bb2 c5 61. e5 h5 62. e6+ Ke7 63. Ke4 Nd4 64. Ke5 Nc6+ 65. Kf4 b5 66. Kg5 b4 67. Kg6 Nd4 68. Bxd4 cxd4 69. f6+ Kxe6 70. f7 Kd5 71. f8=Q Kc4 72. Qc8+ Kb3 73. Qc1 Ka2 74. Qd2+ Ka3 75. Qxd4 h4 76. Qa1+ Kb3 77. Kf5 h3 78. Ke4 Kc2 79. Qa2+ Kc3 80. Kf3 b3 81. Qb1 h2 82. Kg2 1-0

[Event "1st Turkish League 2017"]
[Site "Konya"]
[Date "2017.07.20"]
[Round "6"]
[White "Kaya, Emel"]
[Black "Yilmaz, Ezgi"]
[Result "1-0"]
[ECO "B06"]
[WhiteElo "1929"]
[BlackElo "1836"]
[Annotator "NA"]
[PlyCount "57"]
[EventType "team-tourn"]
[EventCountry "TUR"]
[SourceTitle "playchess.com"]
[Source "ChessBase"]
[SourceQuality "1"]
[TimeControl "5400+30"]

1. e4 g6 2. d4 c6 3. Nc3 Bg7 4. a4 d6 5. Bc4 Nd7 6. Nf3 e5 7. Be3 Ngf6 8. dxe5 dxe5 9. O-O O-O 10. h3 h6 11. Qd2 Kh7 12. Rfd1 Qe8 13. a5 Ng8 14. Qd6 Qe7 15. a6 Nb6 16. axb7 Bxb7 17. Qxe7 Nxe7 18. Bxb6 axb6 19. Rxa8 Bxa8 20. Rd7 Bf6 21. Nxe5 Kg7 22. Nxf7 b5 23. Nd8 Re8 24. Bf7 Rh8 25. Bb3 Re8 26. f4 Kh8 27. e5 Bg7 28. Nf7+ Kh7 29. Nd6 1-0

[Event "1st Turkish League 2017"]
[Site "Konya"]
[Date "2017.07.20"]
[Round "6"]
[White "Temel, Burcu Melis"]
[Black "Bivol, Alina"]
[Result "0-1"]
[ECO "A08"]
[WhiteElo "1846"]
[BlackElo "2379"]
[Annotator "ChessBase"]
[PlyCount "64"]
[EventType "team-tourn"]
[EventCountry "TUR"]
[SourceTitle "playchess.com"]
[Source "ChessBase"]
[SourceQuality "1"]
[TimeControl "5400+30"]

1. e4 e6 2. d3 d5 3. Nd2 c5 4. Ngf3 g6 5. g3 Bg7 6. Bg2 Nc6 7. O-O Nf6 8. Re1 O-O 9. c3 a5 10. e5 Nd7 11. d4 cxd4 12. cxd4 Qb6 13. Nf1 f6 14. Bh3 fxe5 15. Bxe6+ Kh8 16. Ng5 h6 17. Nf7+ Kh7 18. Bxd5 Nxd4 19. Ne3 Nf6 20. Bc4 Qc5 21. a4 b5 22. axb5 Bb7 23. b3 Nf3+ 24. Kf1 Nxh2+ 25. Kg1 Nf3+ 26. Kf1 Qc8 27. Nd6 Qh3+ 28. Ke2 Nd4+ 29. Kd2 Bf3 30. Be2 Nxe2 31. Rxe2 Rfd8 32. Ba3 Ne4+ 0-1

[Event "1st Turkish League 2017"]
[Site "Konya"]
[Date "2017.07.20"]
[Round "6"]
[White "Ozbek, Busra"]
[Black "Mutlu, Beste"]
[Result "1-0"]
[ECO "A49"]
[WhiteElo "1796"]
[BlackElo "1712"]
[Annotator "NA"]
[PlyCount "163"]
[EventType "team-tourn"]
[EventCountry "TUR"]
[SourceTitle "playchess.com"]
[Source "ChessBase"]
[SourceQuality "1"]
[TimeControl "5400+30"]

1. d4 Nf6 2. Nf3 g6 3. g3 Bg7 4. Bg2 d6 5. b3 O-O 6. Bb2 Nbd7 7. O-O c5 8. e3 Qc7 9. c4 Rb8 10. Nc3 a6 11. a4 b6 12. d5 Ne8 13. e4 Ne5 14. Ne1 Bg4 15. f3 Bc8 16. h3 Qd8 17. f4 Nd7 18. Nd3 Bb7 19. Qe2 e5 20. dxe6 fxe6 21. e5 dxe5 22. fxe5 Nxe5 23. Rxf8+ Kxf8 24. Nf4 Qe7 25. Na2 Nf7 26. Bxb7 Rxb7 27. Nxe6+ Kg8 28. Bc3 Ng5 29. Re1 Nxe6 30. Qxe6+ Qxe6 31. Rxe6 Kf7 32. Rc6 Nf6 33. Kg2 Ne4 34. Bxg7 Kxg7 35. Nc1 Kf7 36. Kf3 Nd2+ 37. Ke2 Ne4 38. g4 Ke7 39. Nd3 Nc3+ 40. Kd2 Ne4+ 41. Ke3 Ng5 42. Nf4 Kd7 43. Rf6 Ke8 44. h4 Nf7 45. Nd5 Nh6 46. Kf4 Rf7 47. Kg5 Ng8 48. Rxb6 Kf8 49. Nf6 Kg7 50. Nxg8 Kxg8 51. Rxa6 Kg7 52. h5 h6+ 53. Kh4 g5+ 54. Kg3 Rb7 55. Rc6 Rxb3+ 56. Kf2 Ra3 57. Rxc5 Rxa4 58. Kf3 Ra3+ 59. Ke4 Rg3 60. Kf5 Rf3+ 61. Ke6 Re3+ 62. Re5 Rg3 63. Re4 Rc3 64. Kd5 Kf7 65. c5 Rd3+ 66. Rd4 Rc3 67. c6 Ke7 68. Re4+ Kd8 69. Re6 Rd3+ 70. Ke4 Rg3 71. Kf5 Rf3+ 72. Kg6 Rf4 73. Kxh6 Rxg4 74. Rg6 Kc7 75. Rxg5 Rc4 76. Rg6 Rh4 77. Rf6 Rh1 78. Kg6 Rg1+ 79. Kh7 Rh1 80. h6 Rh2 81. Kg7 Rg2+ 82. Rg6 1-0

[Event "1st Turkish League 2017"]
[Site "Konya"]
[Date "2017.07.20"]
[Round "6"]
[White "Demirtas, Hafize"]
[Black "Saim, Sida"]
[Result "1/2-1/2"]
[ECO "D35"]
[WhiteElo "1676"]
[BlackElo "1634"]
[Annotator "NA"]
[PlyCount "175"]
[EventType "team-tourn"]
[EventCountry "TUR"]
[SourceTitle "playchess.com"]
[Source "ChessBase"]
[SourceQuality "1"]
[TimeControl "5400+30"]

1. d4 d5 2. c4 e6 3. Nc3 Nf6 4. cxd5 exd5 5. Qc2 c6 6. Nf3 Be7 7. Bf4 O-O 8. e3 Re8 9. Bd3 h6 10. h3 a6 11. O-O-O b5 12. Rdg1 Bd6 13. Bxd6 Qxd6 14. g4 c5 15. dxc5 Qxc5 16. g5 hxg5 17. Rxg5 b4 18. Nxd5 Qxc2+ 19. Kxc2 Nxd5 20. Rxd5 Bb7 21. Rf5 Nd7 22. Rg1 Rac8+ 23. Kd2 Bxf3 24. Rxf3 Ne5 25. Rfg3 Red8 26. e4 g6 27. Rb1 Rc4 28. f4 Nxd3 29. Rxd3 Re8 30. Re1 Rcxe4 31. Rxe4 Rxe4 32. Rf3 f5 33. Kc2 a5 34. Kb3 Re2 35. a3 bxa3 36. bxa3 Re4 37. Kc3 Kg7 38. Kb3 Kh6 39. Kc3 Kh5 40. Kd3 Kh4 41. Kd2 Rc4 42. Kd1 a4 43. Kd2 Re4 44. Kd1 Rd4+ 45. Kc2 Rc4+ 46. Kd1 Re4 47. Kd2 Kh5 48. Kd1 Kh6 49. Kd2 Kg7 50. Kd3 Kf6 51. Kd2 Ke6 52. Re3 Kd5 53. Rd3+ Ke6 54. Re3 Kd5 55. Rd3+ Kc5 56. Rc3+ Kb5 57. Rf3 Kc5 58. Rc3+ Kd5 59. Rd3+ Ke6 60. Re3 Kd5 61. Rd3+ Kc4 62. Rc3+ Kb5 63. Rf3 Rc4 64. Kd3 Kc5 65. h4 Kd5 66. Rf1 Re4 67. Rf3 Re1 68. Rg3 Rh1 69. Rxg6 Rxh4 70. Rg3 Rxf4 71. Re3 Rd4+ 72. Kc3 Rc4+ 73. Kd3 Rg4 74. Kc3 f4 75. Re8 f3 76. Kd3 Rf4 77. Rd8+ Ke6 78. Re8+ Kf5 79. Ke3 Kg6 80. Rg8+ Kf7 81. Rg1 Rc4 82. Kxf3 Rc3+ 83. Ke4 Rxa3 84. Kd4 Ra2 85. Kc3 Ke6 86. Rd1 Rh2 87. Kb4 Rh4+ 88. Ka3 1/2-1/2

[Event "1st Turkish League 2017"]
[Site "Konya"]
[Date "2017.07.21"]
[Round "7"]
[White "Bivol, Alina"]
[Black "Khukhashvili, Sopiko"]
[Result "1-0"]
[ECO "C01"]
[WhiteElo "2379"]
[BlackElo "2339"]
[Annotator "NA"]
[PlyCount "77"]
[EventType "team-tourn"]
[EventCountry "TUR"]
[SourceTitle "playchess.com"]
[Source "ChessBase"]
[SourceQuality "1"]
[TimeControl "5400+30"]

1. e4 e6 2. d4 d5 3. Bd3 Nf6 4. e5 Nfd7 5. Ne2 c5 {[%emt 0:00:00] C01: French: Exchange Variation} 6. c3 {[%emt 0:00:00] LiveBook: 7 Games} b6 7. O-O (7. Nf4 Qc7 8. Qh5 cxd4 9. Nxe6 Qxe5+ 10. Qxe5 Nxe5 11. Bb5+ Bd7 12. Nxd4 Nbc6 13. Nxc6 Bxc6 {1-0 (68) Vavulin,M (2453)-Bortnyk,O (2533) Moscow 2015}) 7... Ba6 8. Bc2 Nc6 9. Be3 $146 ({Predecessor:} 9. Re1 cxd4 10. Nxd4 Ncxe5 11. f4 Nc4 12. Rxe6+ fxe6 13. Qh5+ g6 14. Bxg6+ hxg6 15. Qxg6+ Ke7 16. Qxe6# {1-0 (16) Janaszak,D (2389)-Michalski,D (2077) Zgierz 2017}) 9... Rc8 10. f4 g6 11. Rf2 cxd4 12. Nxd4 Nxd4 13. Bxd4 Bc5 14. Nd2 O-O 15. Nf3 Be7 16. Qd2 Nc5 17. Qe3 Qd7 18. Rd1 Qc6 $16 19. g4 Ne4 20. Rg2 Rfd8 21. h4 b5 22. a3 Bb7 23. f5 Bf8 24. h5 a5 25. hxg6 fxg6 26. Rh2 h6 27. Nh4 g5 28. Ng6 Qe8 29. Kg2 Rd7 30. Nxf8 Qxf8 31. fxe6 Rh7 32. Rf1 Qg7 33. Rf6 b4 34. Bxe4 dxe4 35. Kg3 bxa3 36. bxa3 Rf8 37. Rhf2 Rxf6 38. exf6 Qc7+ 39. Kh3 1-0

[Event "1st Turkish League 2017"]
[Site "Konya"]
[Date "2017.07.21"]
[Round "7"]
[White "Dogan, Nazmi Can"]
[Black "Rzayev, Askar Aliakbar"]
[Result "1-0"]
[ECO "B52"]
[WhiteElo "2242"]
[BlackElo "2080"]
[Annotator "NA"]
[PlyCount "57"]
[EventType "team-tourn"]
[EventCountry "TUR"]
[SourceTitle "playchess.com"]
[Source "ChessBase"]
[SourceQuality "1"]
[TimeControl "5400+30"]

1. e4 c5 2. Nf3 d6 3. Bb5+ Bd7 4. Bxd7+ Qxd7 5. O-O Nf6 6. Re1 Nc6 7. c3 e6 8. d4 cxd4 9. cxd4 d5 10. e5 Ne4 11. Nbd2 Nxd2 12. Bxd2 Be7 13. Rc1 O-O 14. Rc3 Rfc8 15. a3 a5 {[%emt 0:02:30] LiveBook: 3 Games} 16. Rd3 a4 17. Ng5 $11 h6 18. Nh3 f5 19. exf6 Bxf6 20. Qg4 Ra6 21. Bc3 Re8 22. Nf4 Na7 23. Rh3 Bg5 24. Nd3 Qc7 25. f4 Bf6 26. Rxh6 Qf7 27. Ne5 Bxe5 28. Rxe5 Nc6 29. Rg5 1-0

[Event "1st Turkish League 2017"]
[Site "Konya"]
[Date "2017.07.21"]
[Round "7"]
[White "Caglar, Ahmet Ata"]
[Black "Sari, Yasin"]
[Result "0-1"]
[ECO "E63"]
[WhiteElo "2082"]
[BlackElo "2195"]
[Annotator "NA"]
[PlyCount "56"]
[EventType "team-tourn"]
[EventCountry "TUR"]
[SourceTitle "playchess.com"]
[Source "ChessBase"]
[SourceQuality "1"]
[TimeControl "5400+30"]

1. d4 Nf6 2. c4 g6 3. Nc3 Bg7 4. Nf3 O-O 5. g3 d6 6. Bg2 Nc6 7. O-O a6 8. Bf4 h6 $14 9. Nd5 g5 10. Nxf6+ Bxf6 11. Be3 Bf5 12. d5 Na5 13. Nd4 Bd7 14. Rc1 e5 15. dxe6 fxe6 16. Qd3 Kg7 17. h4 Nc6 18. hxg5 hxg5 19. f4 g4 20. Bxc6 bxc6 21. Qe4 Qe8 22. c5 d5 23. Qg2 Rh8 24. Nb3 Rh3 25. Kf2 e5 26. Rh1 Qg6 27. Rxh3 gxh3 28. Qf3 d4 0-1

[Event "1st Turkish League 2017"]
[Site "Konya"]
[Date "2017.07.21"]
[Round "7"]
[White "Korkmaz, Necmettin"]
[Black "Annaberdiyev, Babageldi"]
[Result "1/2-1/2"]
[ECO "B15"]
[WhiteElo "2078"]
[BlackElo "2262"]
[Annotator "NA"]
[PlyCount "131"]
[EventType "team-tourn"]
[EventCountry "TUR"]
[SourceTitle "playchess.com"]
[Source "ChessBase"]
[SourceQuality "1"]
[TimeControl "5400+30"]

1. e4 c6 2. d4 d5 3. Nc3 dxe4 4. Nxe4 Nf6 5. Nxf6+ exf6 6. Bc4 Bd6 7. Qe2+ Qe7 8. Qxe7+ Kxe7 9. Ne2 Re8 10. O-O Bf5 11. c3 Nd7 12. Bf4 b5 13. Bb3 Nb6 14. Rfe1 Be6 15. Bc2 $11 a5 16. Bxd6+ Kxd6 17. Ng3 g6 18. Ne4+ Ke7 19. Nc5 Kf8 20. a4 Bd5 21. axb5 cxb5 22. Be4 Bxe4 23. Nxe4 Re6 24. Kf1 a4 25. Nc5 Rc6 26. b3 a3 27. Re2 Rc7 28. Rc2 Nd5 29. c4 bxc4 30. Rxc4 a2 31. Rc2 Rca7 32. Na4 Rb8 33. Nc5 Rba8 34. Nd3 Rb8 35. Nc1 Nb4 36. Rc4 Rd7 37. Ke2 Rxd4 38. Rxd4 Nc2 39. Rxa2 Nxd4+ 40. Kf1 Rc8 41. Ra1 Rc2 42. Rb1 Nb5 43. Nd3 Rc3 44. Nc1 h5 45. Ne2 Rc2 46. Rd1 Rb2 47. Nc1 Rb1 48. g3 Nc3 49. Re1 f5 50. Ne2 Rxb3 51. Nxc3 Rxc3 52. Kg2 Kg7 53. f4 Rc2+ 54. Kh3 f6 55. Re7+ Kf8 56. Ra7 g5 57. fxg5 fxg5 58. Rh7 g4+ 59. Kh4 Rxh2+ 60. Kg5 h4 61. gxh4 Rf2 62. Kf6 Ke8 63. Rg7 Rf3 64. h5 Rh3 65. Kxf5 Rxh5+ 66. Kxg4 1/2-1/2

[Event "1st Turkish League 2017"]
[Site "Konya"]
[Date "2017.07.21"]
[Round "7"]
[White "Koc, Ilkay"]
[Black "Keler, Faruk"]
[Result "0-1"]
[ECO "B94"]
[WhiteElo "2074"]
[BlackElo "2262"]
[Annotator "NA"]
[PlyCount "94"]
[EventType "team-tourn"]
[EventCountry "TUR"]
[SourceTitle "playchess.com"]
[Source "ChessBase"]
[SourceQuality "1"]
[TimeControl "5400+30"]

1. e4 c5 2. Nf3 d6 3. d4 cxd4 4. Nxd4 Nf6 5. Nc3 a6 6. Bg5 Nbd7 7. Bc4 Qb6 8. Bb3 e6 9. Qd2 Be7 10. O-O-O Nc5 11. f3 Bd7 12. Kb1 $11 Qc7 13. Qe2 O-O 14. f4 Bc6 15. e5 dxe5 16. fxe5 Nfe4 17. Bxe7 Nxc3+ 18. bxc3 Qxe7 19. Nxc6 bxc6 20. Rd6 a5 21. a4 Rfb8 22. Qc4 Nxb3 23. cxb3 Qg5 24. Re1 Qxg2 25. h4 Rb6 26. Red1 h5 27. R1d2 Qf3 28. Ka2 Rab8 29. Rd8+ Rxd8 30. Rxd8+ Kh7 31. Qc5 Qg2+ 32. Ka3 Rb7 33. Rd6 Qh1 34. Ka2 Qxh4 35. Rd2 Qf4 36. Rc2 Qe4 37. Rd2 h4 38. Qxa5 Qf4 39. c4 Qe3 40. Rb2 Rd7 41. Qa6 Rd2 42. Qxc6 Rxb2+ 43. Kxb2 Qe2+ 44. Ka3 h3 45. Qh1 Qg2 46. Qb1+ Kh8 47. Qd1 h2 0-1